 Dungeon Crawl Stone Soup version 0.29.0-15-g675c0067aa (webtiles) character file.

Game seed: 9468867701692746754

56 pacmanke6689 the Shield-Bearer (level 4, 0/36 HPs)
             Began as a Formicid Fighter on Sept 11, 2022.
             Slain by a gnoll
             ... wielding a +0 spear
              (1 damage)
             ... on level 3 of the Dungeon.
             The game lasted 00:04:15 (2213 turns).

pacmanke6689 the Shield-Bearer (Formicid Fighter)   Turns: 2213, Time: 00:04:17

Health: 0/36       AC:  7    Str: 22    XL:     4   Next: 17%
Magic:  4/4        EV:  9    Int:  8    God:
Gold:   110        SH:  6    Dex: 13    Spells: 3/3 levels left

rFire   . . .      SeeInvis +   a - +0 war axe
rCold   . . .      Faith    .   c - +1 buckler
rNeg    . . .      Spirit   .   b - +0 scale mail
rPois   .          Reflect  .   (helmet unavailable)
rElec   .          Harm     .   (no cloak)
rCorr   .          Rampage  .   (no gloves)
Will    .....                   (no boots)
Stlth   ..........              (no amulet)
HPRegen 0.12/turn               (no ring)
MPRegen 0.09/turn               (no ring)

@: mighty
A: permanent stasis, dig shafts and tunnels, antennae 3, four strong arms
a: Dig, Shaft Self


You were on level 3 of the Dungeon.
You visited 1 branch of the dungeon, and saw 3 of its levels.

You collected 110 gold pieces.

Inventory:

Hand Weapons
 a - a +0 war axe (weapon)
Armour
 b - a +0 scale mail (worn)
 c - a +1 buckler (worn)
Jewellery
 m - a +4 ring of evasion
 q - a ring of willpower
Scrolls
 e - a scroll of poison {unknown}
 g - 2 scrolls of identify
 h - 2 scrolls of magic mapping
 j - a scroll of summoning
 k - a scroll of silence {unknown}
 o - a scroll of enchant armour
Potions
 f - a potion of cancellation {unknown}
 i - a potion of ambrosia
 l - a potion of degeneration {unknown}
 n - a potion of attraction {unknown}
 p - a potion of flight {unknown}


   Skills:
 + Level 3.6 Fighting
 + Level 2.9 Axes
 + Level 4.1 Armour
 + Level 0.2 Dodging
 + Level 4.2 Shields


You had 3 spell levels left.
You didn't know any spells.
Your spell library contained the following spells:

 Spells                   Type           Power      Damage    Failure   Level
 Sublimation of Blood     Necr           0%         N/A       90%         2
 Wereblood                Tmut           0%         N/A       90%         2
 Corpse Rot               Necr/Pois/Air  0%         N/A       100%        4
 Dispel Undead            Necr           0%         3d6       100%        4
 Death Channel            Necr           0%         N/A       100%        6
 Summon Hydra             Summ           0%         N/A       100%        7


Dungeon Overview and Level Annotations

Branches:
Dungeon (3/15)

Altars:

Shops:
D:2 *


Innate Abilities, Weirdness & Mutations

You cannot be hasted, slowed, berserked, paralysed or teleported.
You can dig through walls and to a lower floor.
You have a pair of large antennae on your head. (SInv)
Your four strong arms can wield two-handed weapons with a shield.


Message History

The endoplasm quivers.
The endoplasm barely misses you.
You barely miss the endoplasm. You block the endoplasm's attack.
The endoplasm completely misses you.
You barely miss the endoplasm. The endoplasm freezes you.
You are frozen.
You slash the endoplasm!
You kill the endoplasm!
Okay, then.
HP restored.
A gnoll comes into view. It is wielding a +0 club.
The gnoll shouts!
A gnoll comes into view. It is wielding a +0 spear.
A gnoll comes into view. It is wielding a +3 halberd.
There are monsters nearby!
A gnoll comes into view. It is wielding a +0 spear.
The gnoll shouts! x3
You feel very mighty all of a sudden.
A hobgoblin comes into view.
An adder comes into view.
The hobgoblin shouts!
The adder hisses angrily.
You hit the gnoll but do no damage. The gnoll closely misses you.
The gnoll hits you from afar with a +3 halberd!
The gnoll hits you but does no damage.
The gnoll hits you from afar with a +3 halberd!
You slash the gnoll!
The gnoll is severely wounded.
You block the gnoll's attack.
The gnoll hits you from afar with a +3 halberd!
* * * LOW HITPOINT WARNING * * *
The gnoll hits you but does no damage.
You hit the gnoll but do no damage.
The gnoll is severely wounded.
The gnoll barely misses you.
The gnoll hits you from afar with a +3 halberd!
* * * LOW HITPOINT WARNING * * *
The gnoll barely misses you.
The gnoll hits you from afar with a +0 spear.
You die...

.... #.... ## ....
#.....#. ... ##..#..#.
.. ........##.# .
####[...##...# ..
............#####..# ..
#...........@.ggS...
#.#.##..#....#g.gg....
###...#...##..######....
#...##.....#..###### ...
#.#................. .
..............######
..###...........#
#..###.....#....#
............#...>#


You could see 4 gnolls, an adder and a hobgoblin.

Vanquished Creatures
  An adder (D:2)
  A worm (D:2)
  A dart slug (D:1)
  5 bats
  4 endoplasms
  2 giant cockroaches
  9 goblins
  3 hobgoblins
  2 kobolds (D:2)
  6 ball pythons
  3 frilled lizards
  2 rats
39 creatures vanquished.

Notes
Turn   | Place    | Note
-------+----------+-------------------------------------------
     0 | D:1      | pacmanke6689 the Formicid Fighter began the quest for the
                  | Orb.
     0 | D:1      | Reached XP level 1. HP: 18/18 MP: 1/1
   160 | D:1      | Reached XP level 2. HP: 21/24 MP: 2/2
  1061 | D:2      | Reached XP level 3. HP: 29/29 MP: 3/3
  1311 | D:2      | Found Beufuz's General Store.
  1807 | D:2      | Reached XP level 4. HP: 35/36 MP: 4/4
  2213 | D:3      | HP: 1/36 [gnoll/+3 halberd (7)]
  2213 | D:3      | Slain by a gnoll

Illustrated notes

Levels and vault maps discovered:
D:1:      erik_arrival_cave_to_civilisation [erik_arrival_cave_to_hall],
          layout_basic, minmay_misc_feat_tiny, minmay_misc_feat_hallway,
          st_stairs_6
D:2:      layout_loops_ring, serial_shops, shop
D:3:      layout_rooms, mainiacjoe_overflow_chevrons, yredelemnul_altar_generic,
          serial_bayou, serial_bayou_pond_b, serial_bayou_pond_a,
          serial_bayou_ford_a, serial_bayou_crossing,
          dreamdust_ecumenical_altar_hidden_monk_grotto

Skill      XL: |  1  2  3 |
---------------+----------+-----
Armour         | 4 |  4.1
Fighting       | |  3.6
Axes           | |  2.9
Dodging        | |  0.2
Shields        | |  4.2

Action                   |  1- 3 |  4- 6 || total
-------------------------+-------+-------++-------
Melee: War axe           |    74 |    15 ||    89
 Abil: Dig               |     1 |     2 ||     3
  Use: Scroll            |     5 |       ||     5
       Potion            |       |     1 ||     1
Armor: Scale mail        |    33 |     6 ||    39
Dodge: Dodged            |    31 |    12 ||    43
Block: Buckler           |    12 |     7 ||    19
